 Dungeon Crawl Stone Soup version 0.17.0-28-g6e173f8 (webtiles) character file.

55 coffecat the Firebug (level 3, 0/26 HPs)
             Began as a Draconian Fire Elementalist on Nov 26, 2015.
             Succumbed to a killer bee's poison
             ... on level 3 of the Dungeon.
             The game lasted 00:09:52 (1750 turns).

coffecat the Firebug (Draconian Fire Elementalist)  Turns: 1750, Time: 00:09:52

Health: 0/26       AC:  5    Str: 10    XL:     3   Next: 67%
Magic:  1/6        EV: 12    Int: 16    God:
Gold:   95         SH:  0    Dex: 11    Spells: 3 memorised, 0 levels left

rFire  . . .     SeeInvis .     e - +0 mace
rCold  . . .     Clarity  .     (armour unavailable)
rNeg   . . .     SustAt   .     (no shield)
rPois  .         Gourm    .     (helmet restricted)
rElec  .         Spirit   .     (no cloak)
rCorr  .         Warding  .     (no gloves)
rMut   .         Stasis   .     (no boots)
MR     .....                    (no amulet)
Stlth  ++........               (no ring)
                                (no ring)

@: lethally poisoned (0 -> -8), not resistant to hostile enchantments,
unstealthy
A: unfitting armour, cold-blooded, AC +5
a: no special abilities


You were on level 3 of the Dungeon.
You were not hungry.

You visited 1 branch of the dungeon, and saw 3 of its levels.

You collected 95 gold pieces.

Inventory:

Hand Weapons
 e - a +0 mace (weapon)
Wands
 n - a wand of lightning (9)
Scrolls
 f - a scroll of remove curse {unknown}
 k - 2 scrolls of identify {unknown}
 l - a scroll of enchant weapon {unknown}
Potions
 c - a potion of cure mutation {unknown}
 d - a potion of might {unknown}
 g - a potion of flight {unknown}
 h - 2 potions of agility {unknown}
 j - a potion of poison {unknown}
 m - a potion of curing {unknown}
Books
 a - a book of Flames

   Spells                             Type                      Level
   a - Flame Tongue                   Conjuration/Fire             1
   b - Throw Flame                    Conjuration/Fire             2
   c - Conjure Flame                  Conjuration/Fire             3
   d - Inner Flame                    Hexes/Fire                   3
   e - Sticky Flame                   Conjuration/Fire             4
   f - Fireball                       Conjuration/Fire             5
Comestibles
 b - a bread ration
 i - a meat ration


   Skills:
 + Level 2.3 Dodging
 + Level 2.1 Stealth
 + Level 0.2 Unarmed Combat
 + Level 2.2 Spellcasting
 + Level 1.4 Conjurations
 + Level 3.7 Fire Magic


You couldn't memorise any spells.
You knew the following spells:

 Your Spells              Type           Power        Failure   Level  Hunger
a - Flame Tongue          Conj/Fire      ##...        10%         1    #......
b - Inner Flame           Hex/Fire       #.......     34%         3    ###....
c - Throw Flame           Conj/Fire      ##....       12%         2    ###....


Dungeon Overview and Level Annotations

Branches:
Dungeon (3/15)

Altars:
Xom


Innate Abilities, Weirdness & Mutations

Your plain brown scales are hard (AC +5).
Your body does not fit into most forms of armour.
You are cold-blooded and may be slowed by cold attacks.


Message History

You barely miss the killer bee.
The killer bee stings you but does no damage.
The killer bee stings you! The killer bee closely misses you.
The killer bee barely misses you. The killer bee stings you.
The killer bee stings you.
* * * LOW HITPOINT WARNING * * *
You are lethally poisoned!
The killer bee poisons you!
* * * LOW HITPOINT WARNING * * *
You feel sick. The killer bee barely misses you.
* * * LOW HITPOINT WARNING * * *
You feel sick. The killer bee closely misses you.
The killer bee barely misses you.
* * * LOW HITPOINT WARNING * * *
You feel sick. The killer bee barely misses you.
The killer bee closely misses you. The killer bee misses you.
The killer bee stings you.
* * * LOW HITPOINT WARNING * * *
The killer bee completely misses you. The killer bee misses you.
You die...

#....# #....##+#########
#...............#
#.........(.....#
#...........b...#
#...............#
#..........._...#
#......†......y.############
###.#.......@.y.......[....#
#.#.........y............#
#.#...................$....
#.#####################....
#.####### ... #.......# ..
#######.##### . #.........#
#.####....#


You could see 3 killer bees.

Vanquished Creatures
  2 adders
  An ooze (D:1)
  A giant gecko (D:2)
  4 bats
  4 goblins
  5 hobgoblins (D:1)
  3 jackals (D:1)
  2 giant newts
  5 kobolds
  2 rats
  A butterfly (D:3)
30 creatures vanquished.

Notes
Turn   | Place    | Note
--------------------------------------------------------------
     0 | D:1      | coffecat the Draconian Fire Elementalist began the quest for the Orb.
     0 | D:1      | Reached XP level 1. HP: 14/14 MP: 3/3
   182 | D:1      | Reached XP level 2. HP: 20/20 MP: 0/5
   963 | D:2      | Reached XP level 3. HP: 23/26 MP: 3/6
   996 | D:2      | Learned a level 3 spell: Inner Flame
  1424 | D:3      | Learned a level 2 spell: Throw Flame
  1715 | D:3      | Found a shimmering altar of Xom.
  1749 | D:3      | HP: 1/26 [killer bee (2)]
  1750 | D:3      | Succumbed to a killer bee's poison

Action                   || total
-------------------------++-------
Melee: Unarmed           ||     6
       Mace              ||    36
 Cast: Flame Tongue      ||    36
       Throw Flame       ||     4
       Inner Flame       ||     3
  Eat: Meat ration       ||     1
